 Dungeon Crawl Stone Soup version 0.29.0-13-gc9e81de378 (webtiles) character file.

Game seed: 17541274599525132286

16619 mtoz the Thaumaturge (level 12, -6/59 HPs)
             Began as a Deep Elf Conjurer on Sept 10, 2022.
             Was an Elder of Vehumet.
             Mangled by a tyrant leech (16 damage)
             ... on level 3 of the Lair of Beasts on Sept 11, 2022.
             The game lasted 02:31:09 (10673 turns).

mtoz the Thaumaturge (Deep Elf Conjurer)           Turns: 10673, Time: 02:31:10

Health: -6/59      AC: 19    Str:  6    XL:     12   Next: 11%
Magic:  25/30      EV: 12    Int: 27    God:    Vehumet [****..]
Gold:   359        SH:  0    Dex: 13    Spells: 7/35 levels left

rFire   + + .      SeeInvis .   H - staff of fire
rCold   + . .      Faith    .   (no shield)
rNeg    . . .      Spirit   .   a - +4 ring mail of the Dungeon {rF+ rC+ Regen+}
rPois   .          Reflect  .   C - +2 helmet
rElec   .          Harm     .   t - +2 cloak {Will+}
rCorr   .          Rampage  .   z - +0 pair of gloves
Will    +++..                   v - +1 pair of boots
Stlth   +++.......              L - amulet of magic regeneration
HPRegen 0.99/turn               i - ring of wizardry
MPRegen 0.62/turn               D - ring of willpower

@: hasted, very quick
A: no striking features
a: Renounce Religion


You were on level 3 of the Lair of Beasts.
You worshipped Vehumet.
Vehumet was greatly pleased with you.
You visited 3 branches of the dungeon, and saw 12 of its levels.
You also visited: Bailey.

You collected 626 gold pieces.
You spent 267 gold pieces at shops.

Inventory:

Hand Weapons
 c - a +2 falchion of freezing
 k - a +2 whip of draining
 o - a +0 hammer of draining
 p - a +0 trident of pain
 s - a +2 quarterstaff of chaos
Armour
 a - the +4 ring mail of the Dungeon (worn) {rF+ rC+ Regen+}
   (You found it on level 4 of the Dungeon)

   rF:        It protects you from fire.
   rC:        It protects you from cold.
   Regen:     It increases your rate of health regeneration.
 l - a +2 hat
 m - a +0 leather armour
 r - +0 steam dragon scales
 t - a +2 cloak of willpower (worn)
 v - a +1 pair of boots (worn)
 z - a +0 pair of gloves (worn)
 C - a +2 helmet (worn)
Magical Staves
 H - a staff of fire (weapon)
Jewellery
 e - a ring of protection from fire
 i - a ring of wizardry (left hand)
 D - a ring of willpower (right hand)
 K - a ring of poison resistance
 L - an amulet of magic regeneration (around neck)
 N - a ring of wizardry
Wands
 u - a wand of light (12)
 y - a wand of roots (9)
 E - a wand of paralysis (6)
 G - a wand of polymorph (11)
 I - a wand of flame (8)
Scrolls
 h - a scroll of fog
 j - 2 scrolls of immolation
 n - a scroll of magic mapping
 w - 3 scrolls of teleportation
 A - a scroll of torment
 B - 5 scrolls of identify
 M - 2 scrolls of enchant weapon
Potions
 d - a potion of flight
 f - a potion of brilliance
 g - 2 potions of resistance
 q - a potion of mutation
 J - a potion of cancellation


   Skills:
 - Level 4.0 Armour
 + Level 8.8 Dodging
 + Level 9.4 Stealth
 + Level 12.2 Spellcasting
 + Level 10.9 Conjurations
 + Level 8.2 Hexes
 - Level 3.0 Transmutations
 - Level 3.0 Fire Magic
 - Level 8.0 Poison Magic
 + Level 1.2 Evocations


You had 7 spell levels left.
You knew the following spells:

 Your Spells              Type           Power      Damage    Failure   Level
a - Magic Dart            Conj           100%       1d8       1%          1
b - Searing Ray           Conj           100%       2d8       1%          2
c - Fulminant Prism       Conj/Hex       31%        3d16      1%          4
d - Mephitic Cloud        Conj/Pois/Air  50%        N/A       1%          3
e - Ignite Poison         Fire/Tmut/Pois 58%        N/A       1%          3
f - Olgreb's Toxic Radia  Pois           56%        N/A       1%          4
g - Iskenderun's Mystic   Conj/Tloc      46%        2d10      1%          4
h - Static Discharge      Conj/Air       46%        3-9/arc   1%          2
i - Scorch                Fire           98%        2d9       1%          2
j - Stone Arrow           Conj/Erth      92%        3d12      1%          3

Your spell library contained the following spells:

 Spells                   Type           Power      Damage    Failure   Level
 Dazzling Flash           Conj/Hex       100%       N/A       1%          3
 Fireball                 Conj/Fire      34%        3d14      2%          5
 Freezing Cloud           Conj/Ice/Air   18%        6-21      9%          5
 Starburst                Conj/Fire      34%        6d10      12%         6
 Gell's Gravitas          Tloc           16%        N/A       16%         3
 Lesser Beckoning         Tloc           16%        N/A       16%         3
 Ozocubu's Armour         Ice            16%        N/A       16%         3
 Teleport Other           Tloc           16%        N/A       16%         3
 Metabolic Englaciation   Hex/Ice        19%        N/A       24%         5
 Lee's Rapid Deconstruct  Erth           8%         3d8*      32%         5
 Animate Dead             Necr           16%        N/A       43%         4
 Simulacrum               Ice/Necr       8%         N/A       99%         6
 Ozocubu's Refrigeration  Ice            8%         4d9       99%         7
 Haunt                    Necr/Summ      8%         N/A       100%        7
 Ignition                 Fire           24%        3d8       100%        8
 Infestation              Necr           8%         N/A       100%        8
 Polar Vortex             Ice            8%         N/A       100%        9


Dungeon Overview and Level Annotations

Branches:
Dungeon (8/15)             Temple (1/1) D:5            Lair (3/5) D:8
 Bailey (visited)
  Swamp: Lair:2-3    Shoals: Lair:2-3     Snake: Lair:2-3    Spider: Lair:2-3

Altars:
Ashenzari
Cheibriados
Dithmenos
Elyvilon
Fedhas
Gozag
Hepliaklqana
Kikubaaqudgha
Makhleb
Nemelex Xobeh
Okawaru
Qazlal
Ru
Sif Muna
Trog
Uskayaw
Vehumet
Wu Jian
Xom
Yredelemnul
Zin
The Shining One

Shops:
D:2 [   D:6 *::

Annotations:
D:7 2 transporters, sausages's ghost, novice KoBr


Message History

Casting: Magic Dart (safe; 1% risk of failure)
Confirm with . or Enter, or press ? or * to list all spells.
Aiming: Searing Ray (safe; 1% risk of failure)
Press: ? - help, Shift-Dir - straight line, f/p - tyrant leech
Aim: a tyrant leech (lightly wounded, 72% to hit)
The searing ray hits the tyrant leech.
The tyrant leech is lightly wounded. (Press . to maintain the ray.)
The searing ray hits the tyrant leech.
The tyrant leech is lightly wounded.
The searing ray hits the tyrant leech!
The tyrant leech is moderately wounded.
The searing ray hits the tyrant leech.
The tyrant leech is moderately wounded.
You finish channelling your searing ray.
Casting: Searing Ray (safe; 1% risk of failure)
Confirm with . or Enter, or press ? or * to list all spells.
Aiming: Searing Ray (safe; 1% risk of failure)
Press: ? - help, Shift-Dir - straight line, f/p - tyrant leech
Aim: a tyrant leech (moderately wounded, 72% to hit)
The searing ray hits the tyrant leech!
The tyrant leech is heavily wounded. (Press . to maintain the ray.)
The tyrant leech bites you!
The tyrant leech draws strength from your injuries!
The searing ray misses the tyrant leech.
The tyrant leech bites you!!
The tyrant leech draws strength from your injuries!
The searing ray hits the tyrant leech.
The tyrant leech is moderately wounded.
The searing ray misses the tyrant leech.
You finish channelling your searing ray.
The tyrant leech bites you!!
* * * LOW HITPOINT WARNING * * *
The tyrant leech draws strength from your injuries!
Okay, then.
Okay, then.
Okay, then.
You feel yourself speed up. The tyrant leech bites you!
You die...

#.#...†....#
##.........###.
#.....÷....P#.
###........#....♣
####.....)....#..##♣
.......[...........♣
...................♣
................w..♣♣
..##.†+#........@...♣
##......###....###.....#
........#......## ...##
.##.....##......# ...#
#..⌠...#.....## .##
..#....†...⌠..## .#
..............# #
.....⌠.......##
............#.#


You could see a tyrant leech.

Vanquished Creatures
  A hydra (Lair:1)
  A boulder beetle (Lair:3)
  A lindwurm (Lair:2)
  A black mamba (Lair:3)
  9 elephants
  2 cane toads
  2 komodo dragons
  A polar bear (Lair:3)
  A tyrant leech (Lair:3)
  13 blink frogs
  Sigmund (D:5)
  2 basilisks
  15 yaks
  A steam dragon (D:8)
  4 water moccasins
  An ice beast (D:6)
  2 black bears
  2 sky beasts (D:7)
  8 orc warriors
  2 ogres
  A centaur (D:5)
  5 wolves (Lair:2)
  3 phantoms
  A kobold brigand (D:7)
  9 bullfrogs
  A necrophage (D:5)
  5 scorpions
  9 wights
  7 killer bees
  3 orc priests
  A hound (D:4)
  3 jellies
  Crazy Yiuf (D:2)
  2 gnoll boudas
  5 orc wizards
  An adder (D:4)
  8 gnolls
  A white imp (D:7)
  A worm (D:2)
  3 dart slugs
  22 orcs
  3 ball pythons
  6 endoplasms
  2 giant cockroaches
  11 goblins
  7 hobgoblins
  3 jackals (D:5)
  6 kobolds
  2 quokkas
  10 bats
  5 frilled lizards
  4 rats
221 creatures vanquished.

Vanquished Creatures (others)
  18 fulminant prisms
  25 fungi
  25 plants
68 creatures vanquished.

Grand Total: 289 creatures vanquished

Notes
Turn   | Place    | Note
-------+----------+-------------------------------------------
     0 | D:1      | mtoz the Deep Elf Conjurer began the quest for the Orb.
     0 | D:1      | Reached XP level 1. HP: 10/10 MP: 6/6
   317 | D:1      | Reached XP level 2. HP: 15/15 MP: 5/8
  1338 | D:2      | Found Quexivo's Antique Armour Shop.
  1347 | D:2      | Reached XP level 3. HP: 19/19 MP: 3/10
  1433 | D:2      | Found a faded altar of an unknown god.
  1526 | D:2      | Learned a level 2 spell: Searing Ray
  1552 | D:2      | You fall into a shaft and drop 2 floors!
  1585 | D:3      | Reached skill level 1 in Hexes
  1649 | D:2      | Found a runed translucent door.
  1650 | D:2      | Noticed Crazy Yiuf
  1900 | D:2      | Found a basalt altar of Yredelemnul.
  2139 | D:2      | Killed Crazy Yiuf
  2140 | D:2      | Reached skill level 4 in Spellcasting
  2140 | D:2      | Reached XP level 4. HP: 17/24 MP: 4/12
  2359 | D:2      | Bought a pair of boots for 99 gold pieces
  2377 | D:3      | Reached skill level 5 in Conjurations
  2742 | D:3      | Found a hazy altar of Hepliaklqana.
  2977 | D:3      | Found a glowing silver altar of Zin.
  3083 | D:4      | Found an ancient bone altar of Kikubaaqudgha.
  3184 | D:4      | Found a basalt altar of Yredelemnul.
  3191 | D:4      | Noticed a phantom
  3200 | D:4      | Killed a phantom
  3201 | D:4      | Reached XP level 5. HP: 28/28 MP: 4/14
  3552 | D:4      | Noticed an ogre
  3559 | D:4      | Killed an ogre
  3560 | D:4      | Reached skill level 5 in Spellcasting
  3560 | D:4      | Reached XP level 6. HP: 32/32 MP: 8/16
  3818 | D:4      | Identified the +4 ring mail of the Dungeon {rF+ rC+ Regen+}
  4123 | D:5      | Entered Level 5 of the Dungeon
  4341 | D:5      | Reached skill level 6 in Spellcasting
  4385 | D:5      | Found a staircase to the Ecumenical Temple.
  4443 | D:4      | Reached XP level 7. HP: 28/36 MP: 0/18
  4652 | D:5      | Noticed Sigmund
  4676 | Temple   | Entered the Ecumenical Temple
  4748 | Temple   | Became a worshipper of Vehumet
  5056 | D:5      | Killed Sigmund
  5057 | D:5      | Reached skill level 7 in Spellcasting
  5057 | D:5      | Reached skill level 1 in Transmutations
  5057 | D:5      | Reached skill level 1 in Fire Magic
  5057 | D:5      | Reached skill level 1 in Poison Magic
  5154 | D:5      | Reached skill level 1 in Armour
  5457 | D:6      | Found Fyodgh's Assorted Antiques.
  5457 | D:6      | Found a sacrificial altar of Ru.
  5542 | D:6      | Reached XP level 8. HP: 36/41 MP: 10/20
  5613 | D:6      | Bought a scroll of identify for 48 gold pieces
  5682 | D:6      | Found Duifik's Book Emporium.
  5963 | D:6      | Found Mexowkuy's Book Shoppe.
  6160 | D:6      | Bought a triangular steel amulet for 120 gold pieces
  6283 | D:7      | Found a flagged portal.
  6315 | Bailey   | Entered a bailey
  6341 | Bailey   | Reached skill level 8 in Spellcasting
  6388 | Bailey   | Found a large runed translucent door.
  6388 | Bailey   | Found a large runed translucent door.
  6390 | Bailey   | Noticed an orc knight
  6474 | Bailey   | Noticed a deep elf pyromancer
  6496 | Bailey   | HP: 2/41 [orc warrior/+0 bardiche (11)]
  6625 | Bailey   | Learned a level 4 spell: Fulminant Prism
  6665 | Bailey   | Reached XP level 9. HP: 40/45 MP: 20/23
  6823 | D:6      | Learned a level 3 spell: Mephitic Cloud
  6882 | D:7      | Found a hide-covered altar of Uskayaw.
  6945 | D:7      | Found a sparkling altar of Nemelex Xobeh.
  6966 | D:7      | Reached * piety under Vehumet
  6966 | D:7      | Offered knowledge of Foxfire by Vehumet.
  6971 | D:7      | Learned a level 3 spell: Ignite Poison
  6976 | D:7      | Learned a level 4 spell: Olgreb's Toxic Radiance
  6991 | D:7      | Learned a level 4 spell: Iskenderun's Mystic Blast
  7043 | D:7      | Found a transporter.
  7054 | D:7      | Noticed sausages's ghost (novice KoBr)
  7076 | D:7      | Noticed a moth of wrath
  7091 | D:7      | Found a transporter.
  7378 | D:7      | Identified the +6 short sword of Peedaas {vamp, rN+ Str+7}
  7463 | D:8      | Found a burning altar of Makhleb.
  7536 | D:8      | Reached skill level 9 in Spellcasting
  7656 | D:8      | Reached skill level 5 in Poison Magic
  7668 | D:8      | Reached ** piety under Vehumet
  7678 | D:8      | Reached skill level 5 in Stealth
  7678 | D:8      | Offered knowledge of Static Discharge by Vehumet.
  7682 | D:8      | Learned a level 2 spell: Static Discharge
  7731 | D:8      | Reached skill level 5 in Hexes
  7771 | D:8      | Found a staircase to the Lair.
  7780 | Lair:1   | Entered Level 1 of the Lair of Beasts
  7787 | Lair:1   | Reached XP level 10. HP: 50/50 MP: 22/25
  7845 | D:8      | Reached skill level 5 in Dodging
  8279 | Lair:1   | Noticed a cane toad
  8292 | Lair:1   | Killed a cane toad
  8436 | Lair:1   | Noticed a five-headed hydra
  8540 | Lair:1   | Noticed an elephant
  8585 | Lair:1   | Killed a five-headed hydra
  8780 | Lair:1   | Identified the +5 long sword of Zoluack {distort, rPois rC+
                  | Int+2}
  9009 | Lair:1   | Reached skill level 10 in Spellcasting
  9090 | Lair:1   | Killed an elephant
  9090 | Lair:1   | Noticed an elephant
  9091 | Lair:1   | Noticed an elephant
  9095 | Lair:1   | Noticed an elephant
  9101 | Lair:1   | Killed an elephant
  9108 | Lair:1   | Killed an elephant
  9110 | Lair:1   | Killed an elephant
  9292 | Lair:2   | Offered knowledge of Scorch by Vehumet.
  9296 | Lair:2   | Learned a level 2 spell: Scorch
  9352 | Lair:2   | Reached XP level 11. HP: 54/54 MP: 13/27
  9356 | Lair:2   | Reached *** piety under Vehumet
  9428 | Lair:2   | Reached skill level 11 in Spellcasting
  9570 | Lair:2   | Noticed a lindwurm
  9574 | Lair:2   | Killed a lindwurm
  9575 | Lair:2   | Reached skill level 10 in Conjurations
  9678 | Lair:2   | Offered knowledge of Stone Arrow by Vehumet.
  9695 | Lair:2   | Learned a level 3 spell: Stone Arrow
 10473 | Lair:3   | Reached skill level 12 in Spellcasting
 10532 | Lair:3   | Noticed a boulder beetle
 10537 | Lair:3   | Killed a boulder beetle
 10538 | Lair:3   | Reached XP level 12. HP: 59/59 MP: 16/30
 10580 | Lair:3   | Identified the +8 short sword of Idyarawiesh {drain, +Blink
                  | rC+ rCorr Dex-4}
 10595 | Lair:3   | Reached skill level 1 in Evocations
 10642 | Lair:3   | Reached **** piety under Vehumet
 10673 | Lair:3   | Mangled by a tyrant leech

Illustrated notes

Levels and vault maps discovered:
D:1:      dpeg_arrival_shrine, layout_loops_corners, minmay_heptomino_d4
D:2:      layout_rooms, ebering_ecumenical_altar_abandoned, basic_altar,
          serial_shops, nicolae_square_shop, dk_noncrumbling_3,
          kennysheep_decorative_pillar, chequers_serial_rivers_micro_c,
          wander_ebering_terrifying_dragon_lair, uniq_crazy_yiuf_cottage
D:3:      layout_loops_ring, overflow_temple_1_default,
          mainiacjoe_overflow_alcove_4
D:4:      layout_gridville, general_overflow_altar, kiku_gazebo_garden_becter,
          minmay_misc_feat_rugged
D:5:      layout_rooms, minmay_temple_entry_statues_pillars, uniq_sigmund
D:6:      layout_rooms, mainiacjoe_overflow_tiny_flanked, serial_shops,
          nicolae_shop_temple_entry_statues_fountains, shop, shop
D:7:      layout_rooms, grunt_temple_overflow_open,
          gammafunk_ghost_berserking_beasts, enter_bailey_5,
          hangedman_abyss_or_decor_jellyfish_corner
D:8:      layout_basic, mainiacjoe_overflow_six_doors_small,
          grunt_lair_entry_orc_guard_hut
Temple:   jpeg_temple_clearing
Lair:1:   layout_cave_pods
Lair:2:   layout_cave_pods, grunt_megastairs_1
Lair:3:   layout_hall_layers, minmay_swamp_entry_worms, spider_nest_entry_a,
          grunt_megastairs_3, lemuel_fruit_fields, uniq_sonja

Skill      XL: |  1  2  3  4  5  6  7  8  9 10 11 12 |
---------------+-------------------------------------+-----
Dodging        | 3 4 6 8 |  8.8
Stealth        | 3 5 7 9 |  9.4
Hexes          | 1 3 4 5 7 8 |  8.2
Spellcasting   | 4 5 6 7 8 9 10 12 | 12.2
Conjurations   | 5 6 7 8 9 10 | 10.9
Transmutations | 1 3 |  3.0
Fire Magic     | 1 3 |  3.0
Poison Magic   | 2 4 5 6 8 |  8.0
Armour         | 1 2 3 4 |  4.0
Evocations     | 1 |  1.2

Action                   |  1- 3 |  4- 6 |  7- 9 | 10-12 || total
-------------------------+-------+-------+-------+-------++-------
Melee: Unarmed           |     3 |       |       |       ||     3
       Staff             |       |       |     3 |       ||     3
 Cast: Magic Dart        |    66 |    98 |   372 |   114 ||   650
       Searing Ray       |       |       |    13 |    40 ||    53
       Ignite Poison     |       |       |     8 |    26 ||    34
       Olgreb's Toxic Ra |       |       |     7 |    18 ||    25
       Fulminant Prism   |       |       |     4 |    14 ||    18
       Iskenderun's Myst |       |       |     1 |       ||     1
       Mephitic Cloud    |       |       |       |     1 ||     1
Evoke: Wand              |       |       |       |     6 ||     6
  Use: Scroll            |     5 |       |    19 |     3 ||    27
       Potion            |     2 |       |    21 |     3 ||    26
Armor: Robe              |     1 |       |       |       ||     1
       Leather armour    |     1 |     4 |       |       ||     5
       Skin              |     1 |       |     4 |       ||     5
       Ring mail         |       |    26 |   103 |    90 ||   219
Dodge: Dodged            |     3 |    19 |    76 |    75 ||   173
